 Dungeon Crawl Stone Soup version 0.29-a0-284-gf9362112df (webtiles) character file.

Game seed: 14630037357104321172

79 bande the Covered (level 4, -8/26 HPs)
             Began as a Gargoyle Fighter on Mar 30, 2022.
             Mangled by an ice beast (14 damage)
             ... on level 3 of the Dungeon.
             The game lasted 00:02:28 (2242 turns).

bande the Covered (Gargoyle Fighter)                Turns: 2242, Time: 00:02:28

Health: -8/26      AC: 11    Str: 20    XL:     4   Next: 38%
Magic:  4/4        EV:  9    Int:  8    God:
Gold:   109        SH:  4    Dex: 11    Spells: 3/3 levels left

rFire   + . .      SeeInvis .   a - +1 war axe
rCold   . . .      Faith    .   c - +0 buckler
rNeg    + . .      Spirit   .   b - +0 scale mail
rPois   ∞          Reflect  .   (no helmet)
rElec   +          Harm     .   (no cloak)
rCorr   .          Rampage  .   l - +0 pair of gloves
Will    .....                   (no boots)
Stlth   ..........              (no amulet)
HPRegen 0.08/turn               (no ring)
MPRegen 0.09/turn               (no ring)

@: no status effects
A: sickness immunity, AC +3, negative energy resistance 1, electricity
resistance, torment resistance 1, petrification resistance, hooves 1, fire
resistance 1, frail 1
a: no special abilities


You were on level 3 of the Dungeon.
You visited 1 branch of the dungeon, and saw 3 of its levels.

You collected 109 gold pieces.

Inventory:

Hand Weapons
 a - a +1 war axe (weapon)
Armour
 b - a +0 scale mail (worn)
 c - a +0 buckler (worn)
 l - a +0 pair of gloves (worn)
Scrolls
 e - 2 scrolls of identify
 f - a scroll of noise {unknown}
 g - 2 scrolls of teleportation
 i - a scroll of enchant armour {unknown}
Potions
 d - a potion of might
 h - a potion of haste {unknown}
 k - a potion of curing {unknown}


   Skills:
 + Level 3.7 Fighting
 + Level 3.0 Axes
 + Level 4.0 Armour
 + Level 3.6 Shields


You had 3 spell levels left.
You didn't know any spells.
Your spell library was empty.

Dungeon Overview and Level Annotations

Branches:
Dungeon (3/15)

Altars:
Dithmenos


Innate Abilities, Weirdness & Mutations

You are immune to sickness and miasma.
Your stone body is resilient. (AC +3)
You are immune to poison.
You resist negative energy. (rN+)
You are resistant to electric shocks. (rElec)
You are resistant to unholy torment.
You are immune to petrification.
You have large cloven feet.
Your flesh is heat resistant. (rF+)
You are frail. (-10% HP)


Message History

HP restored.
You see here an adder corpse.
You enter the shallow water.
Moving in this stuff is going to be slow.
A bat and an ice beast come into view.
Found a shadowy altar of Dithmenos.
There are monsters nearby!
The ice beast hits you. The ice beast freezes you!
You barely miss the ice beast.
The ice beast hits you but does no damage.
You barely miss the ice beast.
The ice beast hits you but does no damage.
The ice beast closely misses you.
You closely miss the ice beast. Your kick misses the ice beast.
The ice beast hits you but does no damage.
You slash the ice beast!
The ice beast is heavily wounded.
The ice beast hits you. The ice beast freezes you.
The ice beast closely misses you.
You are too injured to fight recklessly!
You are too injured to fight recklessly!
You are too injured to fight recklessly!
You are too injured to fight recklessly!
You are too injured to fight recklessly!
You are too injured to fight recklessly!
You are too injured to fight recklessly!
You are too injured to fight recklessly!
You barely miss the ice beast. You kick the ice beast.
The ice beast is severely wounded.
You block the bat's attack. The ice beast closely misses you.
You hit the ice beast. Your kick misses the ice beast.
The ice beast is almost dead.
You hit the bat but do no damage. The bat hits you but does no damage. x2
You block the bat's attack.
The ice beast hits you but does no damage.
The ice beast hits you.
* * * LOW HITPOINT WARNING * * *
The ice beast freezes you!
Ouch! That really hurt!
You die...

≈≈###≈≈≈≈≈≈≈≈≈#
≈≈≈≈≈≈≈≈≈≈≈≈≈≈≈≈≈#######
≈≈≈≈≈≈≈≈≈≈≈≈≈≈≈#.......#
≈≈≈ ≈≈≈≈≈≈≈≈##..#####.#
#≈≈ ≈≈≈≈####...####
#.####.###.......#
####.............##.##.#
#.......#.#####.........
#...@.b# ###.###..#
#..Y....# #..†......
#.....###...# #.########
#.#..##.##..###.#.......
...#.#._.#.###..'.......
#. #.......#....#......(
# ##.....##....#.......
##...##.....#.......
#.....#.......


You could see an ice beast and a bat.

Vanquished Creatures
  Terence (D:2)
  3 adders
  2 ball pythons
  2 endoplasms
  4 hobgoblins
  3 jackals (D:1)
  2 kobolds (D:1)
  3 bats (D:1)
  A frilled lizard (D:2)
  2 goblins (D:2)
  6 rats
29 creatures vanquished.

Notes
Turn   | Place    | Note
-------+----------+-------------------------------------------
     0 | D:1      | bande the Gargoyle Fighter began the quest for the Orb.
     0 | D:1      | Reached XP level 1. HP: 14/14 MP: 1/1
    43 | D:1      | Found a faded altar of an unknown god.
   283 | D:1      | Reached XP level 2. HP: 19/19 MP: 2/2
   795 | D:2      | Gained mutation: You are frail. (-10% HP) [potion of
                  | mutation]
   795 | D:2      | Gained mutation: You have large cloven feet. [potion of
                  | mutation]
   795 | D:2      | Gained mutation: Your flesh is heat resistant. (rF+)
                  | [potion of mutation]
  1037 | D:2      | Reached XP level 3. HP: 14/20 MP: 3/3
  1264 | D:2      | Noticed Terence
  1271 | D:2      | Killed Terence
  1272 | D:2      | Reached XP level 4. HP: 12/26 MP: 4/4
  2197 | D:3      | Reached skill level 4 in Armour
  2233 | D:3      | Found a shadowy altar of Dithmenos.
  2233 | D:3      | Noticed an ice beast
  2242 | D:3      | Mangled by an ice beast

Illustrated notes

Levels and vault maps discovered:
D:1:      minmay_arrival_wavy_path, layout_loops_ring,
          shapermc_ecumenical_altar_mp_ritualfount
D:2:      layout_basic, uniq_terence
D:3:      wander_river, layout_loops_cross, fedhas_altar_fruit_tree,
          nicolae_ru_awakened_eye, nicolae_dithmenos_through_a_glass_darkly,
          minivault_25

Skill      XL: |  1  2  3  4 |
---------------+-------------+-----
Axes           | 2 3 |  3.0
Armour         | 4 |  4.0
Fighting       | |  3.7
Shields        | |  3.6

Action                   |  1- 3 |  4- 6 || total
-------------------------+-------+-------++-------
Melee: War axe           |    57 |    29 ||    86
       Kick              |     6 |     3 ||     9
  Use: Scroll            |     6 |       ||     6
       Potion            |     1 |       ||     1
Armor: Scale mail        |    33 |    17 ||    50
Dodge: Dodged            |    21 |    16 ||    37
Block: Buckler           |    12 |     5 ||    17

Table legend: (Time is in decaauts)
 A = Elapsed time spent in this place.
 B = Non-inter-level travel time spent in this place.
 C = Inter-level travel time spent in this place.
 D = Time resting spent in this place.
 E = Time spent auto-exploring this place.
 F = Levels seen in this place.
 G = Mean time per level.
                   A        B        C        D        E       F      G
               +--------+--------+--------+--------+--------+-----+--------+
         Total |   2279 |   2177 |    102 |      0 |   1902 |   3 |  759.7 |
       Dungeon |   2279 |   2177 |    102 |      0 |   1902 |   3 |  759.7 |
               +--------+--------+--------+--------+--------+-----+--------+

Top non-repeatable levels by time:
     D:2: 1377 daAuts
     D:1: 801 daAuts
     D:3: 100 daAuts
